 Dungeon Crawl Stone Soup version 0.23.2-1-ga50397a (webtiles) character file.

Game seed: 8322029196493997258

2466 Fang the Skirmisher (level 9, -9/85 HPs)
             Began as a Gargoyle Berserker on Apr 16, 2019.
             Was an Elder of Trog.
             Mangled by an orc warrior
             ... wielding a +0 battleaxe
              (14 damage)
             ... on level 6 of the Dungeon.
             The game lasted 00:08:39 (5386 turns).

Fang the Skirmisher (Gargoyle Berserker)            Turns: 5386, Time: 00:08:40

Health: -9/85      AC:  9    Str: 30    XL:     9   Next: 51%
Magic:  9/9        EV: 14    Int:  7    God:    Trog [****..]
Gold:   248        SH:  0    Dex:  9    Spells: 8/8 levels left

rFire    . . .     SeeInvis .   f - +3 war axe
rCold    . . .     Gourm    .   (no shield)
rNeg     + . .     Faith    .   (no armour)
rPois    ∞         Spirit   .   p - +2 helmet
rElec    +         Reflect  .   (no cloak)
rCorr    +         Harm     .   (no gloves)
MR       .....                  (no boots)
Stlth    ..........             (no amulet)
HPRegen  0.24/turn              a - ring of resist corrosion
MPRegen  0.11/turn              (no ring)

@: berserking, very quick
A: negative energy resistance 1, electricity resistance, unbreathing,
petrification resistance, rot immunity, AC +6
a: Berserk, Trog's Hand, Brothers in Arms, Renounce Religion


You were on level 6 of the Dungeon.
You worshipped Trog.
Trog was greatly pleased with you.
You were hungry.

You visited 2 branches of the dungeon, and saw 7 of its levels.
You also visited: Sewer.

You collected 248 gold pieces.

Inventory:

Hand Weapons
 f - a +3 war axe (weapon)
Armour
 k - a +3 plate armour
 p - a +2 helmet (worn)
 q - the +0 leather armour "Veiph" {rCorr}
   (You found it on level 4 of the Dungeon)

   It provides partial protection from all sources of acid and corrosion.
Jewellery
 a - a ring of resist corrosion (left hand)
Wands
 m - a wand of iceblast (6)
 n - a wand of polymorph (3)
Scrolls
 b - a scroll of magic mapping
 d - a scroll of teleportation
 j - 2 scrolls of remove curse
Potions
 e - a potion of brilliance
 h - 6 potions of curing {unknown}
 i - a potion of degeneration {unknown}
 l - a potion of magic
 o - a potion of agility {unknown}
 r - 2 potions of cancellation
 s - a potion of berserk rage
 t - 2 potions of flight {unknown}
 u - a potion of heal wounds {unknown}
Comestibles
 c - 8 rations
 g - a chunk of flesh


   Skills:
 + Level 7.6 Fighting
 + Level 6.3 Axes
 + Level 7.2 Armour
 + Level 5.4 Dodging


You had 8 spell levels left.
You didn't know any spells.
Your spell library was empty.

Dungeon Overview and Level Annotations

Branches:
Dungeon (6/15)             Temple (1/1) D:5

Altars:
Elyvilon
Fedhas
Gozag
Hepliaklqana
Nemelex Xobeh
Ru
Trog
Zin
The Shining One


Innate Abilities, Weirdness & Mutations

You are resistant to torment.
Your stone body is resilient. (AC +6)
You are immune to poison.
You resist negative energy. (rN+)
You are resistant to electric shocks. (rElec)
You can survive without breathing.
You are immune to petrification.
You are immune to rotting.


Message History

You are too injured to fight recklessly!
You are too injured to fight recklessly!
You are too injured to fight recklessly!
You are too injured to fight recklessly!
You are too injured to fight recklessly!
You are too injured to fight recklessly!
You are too injured to fight recklessly!
You are too injured to fight recklessly!
You closely miss the orc warrior.
The orc warrior is lightly wounded.
The orc warrior hits you with a +0 battleaxe!!
* * * LOW HITPOINT WARNING * * *
A red film seems to cover your vision as you go berserk!
You feel yourself moving faster!
You feel mighty!
You are feeling hungry.
The orc warrior hits you but does no damage.
You slash the orc warrior!
The orc warrior is heavily wounded.
The orc warrior hits you with a +0 battleaxe!
You die...

##### #### .....
#... ...#. #...
..... #... ...#.
#... ..... ... #####
########
##)####...###...##..
#.o@.............#..
#.......)........#..
#................#..
#..###..##########..
#..###..######..##..
+.......(...........
#...................
####################


You could see an orc warrior.

Vanquished Creatures
  Pikel (D:4)
  The ghost of dusk1985 the Cleaver, a novice HOMo (D:6)
  2 sky beasts
  2 phantoms
  4 ogres
  A centaur (D:6)
  A crocodile (D:4)
  A big kobold (Sewer)
  A gnoll sergeant (D:5)
  A crimson imp (D:6)
  A centaur zombie (D:5)
  A hound (D:4)
  2 orc priests
  2 orc wizards
  A centaur skeleton (D:6)
  5 worker ants
  A hound skeleton (D:5)
  11 gnolls
  2 river rats (Sewer)
  6 adders
  2 oozes
  3 worms
  A dart slug (D:1)
  13 leopard geckos
  17 orcs
  2 ball pythons
  9 bats
  12 giant cockroaches
  9 goblins
  8 hobgoblins
  10 jackals
  3 quokkas
  6 frilled lizards
  13 kobolds
  A leopard gecko skeleton (D:4)
  A quokka skeleton (D:6)
  A quokka zombie (D:5)
  12 rats
  A butterfly (D:5)
171 creatures vanquished.

Notes
Turn   | Place    | Note
-------+----------+-------------------------------------------
     0 | D:1      | Fang the Gargoyle Berserker began the quest for the Orb.
     0 | D:1      | Reached XP level 1. HP: 14/14 MP: 1/1
   122 | D:1      | Reached XP level 2. HP: 19/19 MP: 2/2
   606 | D:1      | Reached XP level 3. HP: 23/23 MP: 3/3
   742 | D:1      | Reached ** piety under Trog
  1537 | D:2      | Reached XP level 4. HP: 29/29 MP: 4/4
  2469 | D:3      | Found a sparkling altar of Nemelex Xobeh.
  2475 | D:3      | Found a hazy altar of Hepliaklqana.
  2575 | D:3      | Found a sacrificial altar of Ru.
  2596 | D:3      | Reached *** piety under Trog
  2714 | D:3      | Reached XP level 5. HP: 33/33 MP: 5/5
  3045 | D:4      | Noticed an ogre
  3057 | D:4      | Killed an ogre
  3057 | D:4      | Reached XP level 6. HP: 39/39 MP: 6/6
  3180 | D:4      | Found a sparkling altar of Nemelex Xobeh.
  3209 | D:4      | Got a distressingly furry leather armour
  3239 | D:4      | Noticed a phantom
  3270 | D:4      | Killed a phantom
  3270 | D:4      | Reached skill level 5 in Fighting
  3270 | D:4      | Reached XP level 7. HP: 28/44 MP: 7/7
  3305 | D:4      | Found a glowing golden altar of the Shining One.
  3306 | D:4      | Noticed Pikel
  3333 | D:4      | Killed Pikel
  3333 | D:4      | Reached skill level 5 in Armour
  3333 | D:4      | Reached XP level 8. HP: 35/51 MP: 8/8
  3416 | D:4      | Found a glowing drain.
  3437 | Sewer    | Entered a sewer
  3517 | Sewer    | Reached skill level 5 in Axes
  3533 | Sewer    | Found a white marble altar of Elyvilon.
  3753 | D:4      | Found a glowing silver altar of Zin.
  3775 | D:4      | Found an opulent altar of Gozag.
  3972 | D:4      | Found a bloodstained altar of Trog.
  3972 | D:4      | Found a blossoming altar of Fedhas.
  3993 | D:5      | Entered Level 5 of the Dungeon
  4000 | D:5      | Reached **** piety under Trog
  4211 | D:5      | Found a white marble altar of Elyvilon.
  4224 | D:5      | Identified the cursed +0 leather armour "Veiph" {rCorr}
                  | (You found it on level 4 of the Dungeon)
  4265 | D:5      | Reached XP level 9. HP: 30/57 MP: 9/9
  4528 | D:5      | Found a staircase to the Ecumenical Temple.
  4592 | D:5      | Reached skill level 5 in Dodging
  4720 | Temple   | Entered the Ecumenical Temple
  5044 | D:6      | Found a runed translucent gate.
  5044 | D:6      | Found a runed translucent gate.
  5045 | D:6      | Found a runed translucent gate.
  5047 | D:6      | Noticed dusk1985's ghost (novice HOMo)
  5073 | D:6      | Killed dusk1985's ghost
  5386 | D:6      | Mangled by an orc warrior

Skill      XL: |  1  2  3  4  5  6  7  8  9 |
---------------+----------------------------+-----
Axes           | 3 4 5 6 |  6.3
Dodging        | 2 3 4 5 |  5.4
Armour         | 3 4 5 6 7 |  7.2
Fighting       | 4 5 7 |  7.6

Action                   |  1- 3 |  4- 6 |  7- 9 || total
-------------------------+-------+-------+-------++-------
Melee: Hand axe          |   128 |    45 |       ||   173
       War axe           |       |    92 |   254 ||   346
       Unarmed           |       |     7 |       ||     7
Invok: Berserk           |     2 |     1 |     2 ||     5
  Use: Scroll            |       |       |    12 ||    12
 Stab: Sleeping          |       |       |     1 ||     1
  Eat: Chunk             |     4 |     6 |     9 ||    19
Armor: Animal skin       |    52 |    18 |       ||    70
       Plate armour      |       |    65 |   164 ||   229
       Skin              |       |     5 |    31 ||    36
Dodge: Dodged            |    83 |    74 |   142 ||   299
